 Dungeon Crawl Stone Soup version 0.28-a0-1199-gef9e1dbd39 (webtiles) character file.

Game seed: 1180552165578174802

95174 siradein the Warrior (level 16, -3/150 HPs)
             Began as a Hill Orc Fighter on Dec 20, 2021.
             Was an Elder of Beogh (penitent).
             Killed by an exploding Agrik (5 damage)
             ... ignited by their inner flame
             ... on level 15 of the Dungeon.
             The game lasted 01:44:46 (25764 turns).

siradein the Warrior (Hill Orc Fighter)            Turns: 25764, Time: 01:44:47

Health: -3/150     AC: 37    Str: 35    XL:     16   Next: 13%
Magic:  26/26      EV: 10    Int: 15    God:    Beogh [*]
Gold:   2000       SH: 20    Dex: 10    Spells: 15/15 levels left

rFire   . . .      SeeInvis +   Z - +4 morningstar (vorpal)
rCold   + . .      Faith    .   n - +3 tower shield {AC+3}
rNeg    + + +      Spirit   .   J - +9 plate armour of Udeuph {Will- Str+8 Int+4 SInv}
rPois   .          Reflect  .   (no helmet)
rElec   .          Harm     .   q - +0 cloak
rCorr   .          Rampage  .   I - +2 pair of gloves "Henlul" {Drain rN++ Will+ Int+3}
Will    +....                   P - +2 pair of boots {Fly}
Stlth   ..........              t - amulet of regeneration
HPRegen 1.15/turn               i - +4 ring of evasion
MPRegen 0.20/turn               G - ring "Faassar" {rN+ Stlth+}

@: flying
A: cold resistance 1
a: Renounce Religion


You were on level 15 of the Dungeon.
You worshipped Beogh.
Beogh was demanding penance.
You visited 3 branches of the dungeon, and saw 23 of its levels.
You also visited: Ossuary, Bailey and Gauntlet.

You collected 2657 gold pieces.
You spent 657 gold pieces at shops.

Inventory:

Hand Weapons
 u - a +2 flail of venom
 Z - a +4 vorpal morningstar (weapon)
Missiles
 d - 6 curare-tipped darts
 H - 7 throwing nets
 U - 130 bolts
Armour
 n - a +3 tower shield of protection (worn)
 q - a +0 cloak (worn)
 I - the +2 pair of gloves "Henlul" (worn) {Drain rN++ Will+ Int+3}
   (You found it on level 9 of the Dungeon)

   Int:       It affects your intelligence (+3).
   rN:        It greatly protects you from negative energy.
   Drain:     It drains your maximum health when unequipped.
   Will:      It increases your willpower.
 J - the +9 plate armour of Udeuph (worn) {Will- Str+8 Int+4 SInv}
   (You bought it in a shop on level 3 of the Dungeon)

   Str:       It affects your strength (+8).
   Int:       It affects your intelligence (+4).
   SInv:      It lets you see invisible.
   Will:      It decreases your willpower.
 P - a +2 pair of boots of flying (worn)
Jewellery
 i - a +4 ring of evasion (left hand)
 o - a ring of poison resistance
 t - an amulet of regeneration (around neck)
 E - a ring of willpower
 G - the ring "Faassar" (right hand) {rN+ Stlth+}
   (You found it in a Gauntlet)

   [ring of positive energy]

   rN:        It protects you from negative energy.
   Stlth:     It makes you more stealthy.
 M - a ring of ice
 Q - a ring of wizardry
 W - a ring of protection from cold
Wands
 a - a wand of charming (27)
 h - a wand of polymorph (5)
 x - a wand of acid (9)
 y - a wand of paralysis (4)
 O - a wand of flame (12)
 S - a wand of digging (2)
 T - a wand of mindburst (5)
 V - a wand of iceblast (10)
Scrolls
 b - 7 scrolls of enchant weapon
 e - 4 scrolls of holy word
 f - 14 scrolls of teleportation
 g - 5 scrolls of amnesia
 j - a scroll of brand weapon
 m - 6 scrolls of fog
 r - 2 scrolls of immolation
 v - 3 scrolls of enchant armour
 A - 6 scrolls of fear
 F - 3 scrolls of blinking
 K - a scroll of acquirement
 L - a scroll of magic mapping
 X - a scroll of silence
Potions
 c - 7 potions of cancellation
 k - 7 potions of heal wounds
 l - 8 potions of curing
 p - 2 potions of brilliance
 s - a potion of magic
 z - a potion of might
 B - a potion of berserk rage
 C - 5 potions of invisibility
 Y - 9 potions of ambrosia
Miscellaneous
 w - a lightning rod (4/4)
 N - a tin of tremorstones (2/2)
 R - a phantom mirror


   Skills:
 + Level 15.6 Fighting
 + Level 14.1 Maces & Flails
 + Level 14.5 Armour
 + Level 14.4 Shields
 + Level 14.2 Invocations
 + Level 6.6 Evocations


You had 15 spell levels left.
You didn't know any spells.
Your spell library contained the following spells:

 Spells                   Type           Power      Damage    Failure   Level
 Freeze                   Ice            0%         1d3       99%         1
 Pain                     Necr           0%         1d4       99%         1
 Shock                    Conj/Air       0%         1d3       99%         1
 Frozen Ramparts          Ice            0%         1d2       100%        3
 Stone Arrow              Conj/Erth      0%         3d7       100%        3
 Swiftness                Air            0%         N/A       100%        3
 Airstrike                Air            0%         N/A       100%        4
 Animate Armour           Summ/Erth      0%         N/A       100%        4
 Hailstorm                Conj/Ice       0%         3d3       100%        4
 Agony                    Necr           0%         N/A       100%        5
 Excruciating Wounds      Necr           0%         N/A       100%        5
 Lehudib's Crystal Spear  Conj/Erth      0%         10d2      100%        8
 Chain Lightning          Conj/Air       0%         N/A       100%        9
 Fire Storm               Conj/Fire      0%         5d1       100%        9
 Shatter                  Erth           0%         3d5*      100%        9


Dungeon Overview and Level Annotations

Branches:
Dungeon (15/15)            Temple (0/1) D:4            Lair (6/6) D:11
 Shoals (0/4) Lair:2        Snake (0/4) Lair:4        Slime (0/5) Lair:6
    Orc (2/2) D:10            Elf (0/3) Orc:2        Vaults (0/5) D:14
 Depths (0/4) D:15        Ossuary (visited)          Bailey (visited)
Gauntlet (visited)

Altars:
Ashenzari
Cheibriados
Elyvilon
Fedhas
Kikubaaqudgha
Nemelex Xobeh
Okawaru
Ru
Sif Muna
Trog
Xom
Zin
The Shining One
Beogh

Shops:
D:3 [   D:4 *   D:6 (   Orc:2 *[[?*


Innate Abilities, Weirdness & Mutations

Your flesh is cold resistant. (rC+)


Message History

Flame seeps out of the storm dragon.
The storm dragon is moderately wounded.
The fiery explosion engulfs the fire giant.
The fire giant completely resists.
The fire giant is lightly wounded.
The fiery explosion engulfs the storm dragon!!
The storm dragon is heavily wounded.
The fiery explosion engulfs you but does no damage.
Agrik hits the storm dragon with a +1 great sword.
Flame seeps out of the storm dragon.
Gorg roars a battlecry!
Murdo goes into a battle-frenzy!
The deep elf high priest mumbles some strange prayers to its god.
The deep elf high priest begins emitting a brilliant aura!
The deep elf annihilator is empowered by the deep elf high priest's aura!
The water nymph is empowered by the deep elf high priest's aura!
The fire giant is empowered by the deep elf high priest's aura!
The necromancer is empowered by the deep elf high priest's aura!
The tengu reaver is empowered by the deep elf high priest's aura!
The fire giant is empowered by the deep elf high priest's aura!
The fire giant is engulfed in blazing flames.
Flame seeps out of the fire giant.
The deep elf annihilator casts a spell.
The deep elf annihilator blinks!
There is a huge open gate, spattered with blood here.
Unknown command.
Unknown command.
The storm dragon is engulfed in blazing flames.
The tengu reaver gestures at you while chanting.
The bolt of lightning hits Agrik!!!
The bolt of lightning hits you!!
* * * LOW HITPOINT WARNING * * *
Agrik the orc sorcerer explodes!
The fiery explosion engulfs the storm dragon!!
Flame seeps out of the storm dragon.
The storm dragon is severely wounded.
The fiery explosion engulfs the tengu reaver!!
Flame seeps out of the tengu reaver.
The tengu reaver is moderately wounded.
The fiery explosion engulfs you.
You die...

(..o......# #..........#.......
....o.....#####..........########
...............................oo
..............................o..
..##..''''''''''..##.............
..#...' +++ +'...#..........o..
..'...' +++''++'...#.^......#####
..#...' +.$.Cc+§§..#........#....
..#...' +)[:≈mQ)@.(#........#....
..#...' +.ep)sDD§§.#........oooo.
..#...' +))eCB§C§§.#....oooo#....
..#+..' +++'D'§)§§o#o.o.....##...
......' +++'c§.§o.o........#.#'
......''''''''''..######.....#.#.
..................#....#.....#.#.
..................#....#.....#.#.
oooooooo..........'....#?....#.#.


You could see 3 storm dragons, 2 fire giants, a tengu reaver (inner flame, soul
bound, empowered), a yaktaur captain (inner flame, soul bound), a boulder beetle
(inner flame, soul bound), a deep elf annihilator (inner flame, soul bound,
empowered), an ettin (soul bound), a centaur warrior (inner flame, soul bound),
a deep elf high priest (inner flame, soul bound, brilliance aura), a necromancer
(inner flame, empowered), a water nymph (soul bound, empowered), a redback
(inner flame, soul bound), the friendly Gorg the orc knight (strong) and the
friendly Murdo the orc knight (strong).

Vanquished Creatures
  Rupert (D:12)
  A dire elephant (Lair:6)
  A minotaur (Gauntlet)
  An ettin (D:15)
  A fire dragon (Lair:6)
  8 hydras
  A vault guard (D:14)
  Harold (D:7)
  A boulder beetle (D:12)
  A centaur warrior (D:15)
  A catoblepas (Lair:6)
  6 two-headed ogres
  3 tengu warriors
  A death yak (D:11)
  Nergalle (D:10)
  4 orc high priests (Orc:2)
  3 skeletal warriors
  A fire crab (shapeshifter) (D:13)
  A wizard (D:14)
  A lindwurm (Lair:6)
  3 deep elf pyromancers
  A necromancer (D:15)
  A wolf spider (D:14)
  5 orc knights
  An orc sorcerer (Bailey)
  7 ugly things
  2 oklob plants (Lair:6)
  4 cyclopes
  Joseph (D:7)
  2 elephants
  A black mamba (Lair:3)
  5 cane toads
  A yaktaur (D:12)
  A freezing wraith (D:13)
  An efreet (D:15)
  2 rime drakes (Lair:6)
  6 komodo dragons
  2 unseen horrors
  2 kobold demonologists
  3 tengu conjurers
  A meliai (D:12)
  A troll (D:9)
  2 polar bears
  A polar bear (shapeshifter) (D:14)
  4 slime creatures
  6 blink frogs
  9 flying skulls (Gauntlet)
  A vampire (D:10)
  2 shadows
  4 wyverns
  11 yaks
  4 wraiths
  A basilisk (D:12)
  3 steam dragons
  Menkaure (D:6)
  3 swamp worms (Gauntlet)
  A warg (Orc:2)
  5 acid dragons
  5 water moccasins
  Duvessa (D:5)
  3 ice beasts
  19 orc warriors
  3 sky beasts
  3 black bears
  4 ogres
  9 centaurs
  2 phantoms (D:5)
  A kobold brigand (D:3)
  9 bullfrogs
  A wyvern zombie (D:9)
  A cane toad simulacrum (Gauntlet)
  3 scorpions
  A water moccasin skeleton (D:5)
  Dowan (D:5)
  19 killer bees
  7 wights
  2 electric eels (Bailey)
  A vampire bat (Lair:6)
  4 howler monkeys
  A jelly (D:7)
  4 centaur zombies
  2 hounds (D:5)
  7 orc priests
  A wyvern simulacrum (D:9)
  A gnoll shaman (D:8)
  5 iguanas
  13 orc wizards
  A hell rat (Lair:5)
  A killer bee zombie (D:7)
  3 centaur simulacra
  8 adders
  16 gnolls
  A shadow imp (D:6)
  4 white imps
  A howler monkey simulacrum (D:9)
  3 ufetubi (D:9)
  2 adder zombies (Ossuary)
  5 worms
  A dart slug (D:4)
  34 orcs
  4 endoplasms
  7 giant cockroaches
  16 hobgoblins
  13 kobolds
  5 quokkas
  5 ball pythons
  2 ball python skeletons (Ossuary)
  8 bats
  6 frilled lizards
  16 goblins
  2 orc skeletons (Ossuary)
  3 orc zombies (Ossuary)
  3 rats (D:2)
453 creatures vanquished.

Vanquished Creatures (collateral kills)
  A dire elephant (Lair:6)
  Fannar (D:12)
  10 hydras
  4 boulder beetles
  3 catoblepae
  5 vault guards (D:14)
  A two-headed ogre (Orc:1)
  2 death knights
  4 centaur warriors (D:14)
  4 death yaks (Lair:5)
  An orc high priest (Orc:1)
  A hell knight (D:15)
  A deep troll (D:15)
  8 skeletal warriors
  A swamp dragon (Lair:6)
  2 deep elf archers
  2 deep elf pyromancers (D:14)
  An orc sorcerer (Orc:1)
  7 ugly things
  9 orc knights
  2 oklob plants (Lair:6)
  5 cyclopes
  5 manticores
  2 black mambas
  7 cane toads
  8 elephants
  A torpor snail (Lair:6)
  An efreet (D:14)
  A rime drake (Lair:6)
  Psyche (D:12)
  4 freezing wraiths
  5 komodo dragons
  3 tengu conjurers
  4 trolls
  A queen bee (Lair:2)
  14 slime creatures
  2 polar bears (D:11)
  A dream sheep (Lair:6)
  17 blink frogs
  A snapping turtle (Lair:2)
  14 yaks
  A tarantella (shapeshifter) (D:14)
  2 wyverns
  6 basilisks
  6 humans (D:14)
  3 wraiths
  A steam dragon (Lair:3)
  5 acid dragons
  3 wargs
  2 nagas (Lair:4)
  8 water moccasins
  9 orc warriors
  2 black bears (D:11)
  5 wolves (Lair:3)
  An ogre (Orc:1)
  3 centaurs (D:12)
  A boggart (D:14)
  3 bullfrogs
  11 killer bees (Lair:2)
  3 electric eels (Bailey)
  A vampire bat (Lair:6)
  4 orc priests
  4 iguanas
  3 orc wizards (Orc:1)
  7 hell rats
  3 gnolls (Bailey)
  20 orcs
  An endoplasm (D:3)
  7 goblins
  4 hobgoblins (Bailey)
  3 bats (Lair:6)
  A quokka zombie (D:3)
  5 bushes (D:9)
305 creatures vanquished.

Vanquished Creatures (others)
  3 orc knights
  An orc high priest (Orc:2)
  4 orc sorcerers
  An ugly thing (D:15)
  A gargoyle (D:12)
  A swamp worm (shapeshifter) (D:15)
  21 orc warriors
  A centaur (D:12)
  17 orc priests
  6 orc wizards
  41 orcs
  A hobgoblin (Bailey)
  64 fungi
  88 plants
  A withered plant (Gauntlet)
251 creatures vanquished.

Grand Total: 1009 creatures vanquished

Notes
Turn   | Place    | Note
-------+----------+-------------------------------------------
     0 | D:1      | siradein the Hill Orc Fighter began the quest for the Orb.
     0 | D:1      | Reached XP level 1. HP: 19/19 MP: 1/1
   122 | D:1      | Reached XP level 2. HP: 27/27 MP: 2/2
   279 | D:1      | Found a faded altar of an unknown god.
   577 | D:1      | Reached skill level 4 in Fighting
   603 | D:1      | Reached XP level 3. HP: 31/33 MP: 3/3
  1576 | D:2      | Reached XP level 4. HP: 25/40 MP: 4/4
  2954 | D:3      | Found a white marble altar of Elyvilon.
  3010 | D:3      | Found a transporter.
  3013 | D:3      | Found a transporter.
  3018 | D:3      | Noticed an ogre
  3020 | D:3      | Found a sacrificial altar of Ru.
  3151 | D:3      | Reached XP level 5. HP: 47/47 MP: 5/5
  3196 | D:3      | Found Tooroet's Antique Armour Shop.
  3568 | D:3      | Noticed a kobold brigand
  3581 | D:3      | Killed a kobold brigand
  4030 | D:4      | Found a staircase to the Ecumenical Temple.
  4057 | D:4      | Reached XP level 6. HP: 55/55 MP: 6/6
  4101 | D:4      | Noticed a wyvern
  4107 | D:4      | Reached skill level 5 in Fighting
  4147 | D:4      | Killed a wyvern
  4148 | D:4      | Reached skill level 5 in Armour
  4148 | D:4      | Reached skill level 5 in Shields
  4148 | D:4      | Reached XP level 7. HP: 59/61 MP: 7/7
  4259 | D:4      | Found Yhesmil's CLEARANCE SALE!.
  4291 | D:4      | Found a glowing silver altar of Zin.
  4298 | D:4      | Found an ancient bone altar of Kikubaaqudgha.
  4299 | D:4      | Found a blossoming altar of Fedhas.
  4303 | D:4      | Found a sparkling altar of Nemelex Xobeh.
  4937 | D:5      | Entered Level 5 of the Dungeon
  4963 | D:5      | Noticed Dowan
  4963 | D:5      | Noticed Duvessa
  4979 | D:5      | Killed Duvessa
  4980 | D:5      | Reached skill level 6 in Fighting
  4980 | D:5      | Reached skill level 5 in Maces & Flails
  4987 | D:5      | HP: 1/63 [Dowan/shard of ice (5)]
  4990 | D:5      | Gained mutation: Your flesh is cold resistant. (rC+)
                  | [potion of mutation]
  4992 | D:5      | Killed Dowan
  4995 | D:5      | Reached XP level 8. HP: 42/71 MP: 8/8
  5142 | D:5      | Found a sand-covered staircase.
  5147 | Ossuary  | Entered an ossuary
  5246 | Ossuary  | Noticed a flying skull
  5246 | Ossuary  | Noticed a wraith
  5253 | Ossuary  | Noticed a flying skull
  5287 | Ossuary  | Noticed a flying skull
  5337 | Ossuary  | Noticed a flying skull
  5345 | Ossuary  | Noticed a wraith
  5360 | Ossuary  | Killed a wraith
  5375 | Ossuary  | Noticed a wraith
  5407 | Ossuary  | Killed a wraith
  5408 | Ossuary  | Reached skill level 7 in Fighting
  5641 | D:5      | Found a glowing golden altar of the Shining One.
  5862 | D:5      | Found a bloodstained altar of Trog.
  5863 | D:5      | Found an iron altar of Okawaru.
  6093 | D:5      | Reached XP level 9. HP: 74/79 MP: 9/9
  6353 | D:6      | Found a broken altar of Ashenzari.
  6353 | D:6      | Noticed a two-headed ogre
  6393 | D:6      | Killed a two-headed ogre
  6394 | D:6      | Reached skill level 8 in Fighting
  6490 | D:6      | Noticed Menkaure
  6681 | D:6      | Killed Menkaure
  6788 | D:6      | Found Peicwiopekh's Weapon Emporium.
  6806 | D:6      | Became a worshipper of Beogh the Brigand
  6889 | D:6      | Reached skill level 9 in Fighting
  6897 | D:6      | Reached XP level 10. HP: 85/91 MP: 10/10
  7291 | D:7      | Reached skill level 1 in Invocations
  7294 | D:7      | Noticed Joseph
  7318 | D:7      | Killed Joseph
  7694 | D:7      | Reached * piety under Beogh
  7777 | D:7      | You fall into a shaft and drop 2 floors!
  8057 | D:7      | Noticed Harold
  8071 | D:7      | Killed Harold
  8513 | D:8      | Noticed a two-headed ogre
  8538 | D:8      | Killed a two-headed ogre
  8581 | D:8      | Noticed a two-headed ogre
  8615 | D:8      | Killed a two-headed ogre
  8616 | D:8      | Reached skill level 10 in Fighting
  8723 | D:8      | Found a shimmering altar of Xom.
  8883 | D:8      | Found a shimmering blue altar of Sif Muna.
  9005 | D:8      | Reached skill level 5 in Invocations
  9005 | D:8      | Reached XP level 11. HP: 81/100 MP: 14/14
  9011 | D:8      | Reached ** piety under Beogh
  9751 | D:9      | Identified the +2 pair of gloves "Henlul" {Drain rN++ Will+
                  | Int+3}
 10086 | D:9      | Reached skill level 10 in Shields
 10132 | D:9      | Found a snail-covered altar of Cheibriados.
 10297 | D:9      | Reached *** piety under Beogh
 10298 | D:9      | Reached skill level 10 in Armour
 10560 | D:10     | Entered Level 10 of the Dungeon
 10734 | D:10     | Noticed Nergalle
 10736 | D:10     | Noticed a tengu warrior
 10738 | D:10     | Noticed a tengu warrior
 10745 | D:10     | Killed Nergalle
 10746 | D:10     | Reached skill level 11 in Fighting
 10808 | D:10     | Killed a tengu warrior
 10825 | D:10     | Killed a tengu warrior
 10826 | D:10     | Reached skill level 10 in Maces & Flails
 11042 | D:3      | Bought a masterwork plate armour for 560 gold pieces
 11042 | D:3      | Identified the +9 plate armour of Udeuph {Will- Str+8 Int+4
                  | SInv} (You bought it in a shop on level 3 of the Dungeon)
 11565 | D:10     | Found a staircase to the Orcish Mines.
 11645 | D:10     | Found a roughly hewn altar of Beogh.
 11772 | D:11     | Found a staircase to the Lair.
 11772 | D:11     | Found a flagged portal.
 11773 | D:11     | Noticed a death yak
 11776 | D:11     | Reached XP level 12. HP: 110/110 MP: 17/17
 11787 | D:11     | Killed a death yak
 11787 | D:11     | Gained Agrik as an ally
 11807 | Bailey   | Entered a bailey
 11856 | Bailey   | Found an iron altar of Okawaru.
 11887 | Bailey   | Reached **** piety under Beogh
 12584 | D:11     | Reached skill level 12 in Fighting
 12669 | D:11     | Identified the +1 ring mail of the Gusle {+Inv rCorr}
 12818 | D:11     | Found a bloodstained altar of Trog.
 13117 | Lair:1   | Entered Level 1 of the Lair of Beasts
 13132 | Lair:1   | Found a gate leading to a gauntlet.
 13138 | Gauntlet | Entered a Gauntlet
 13138 | Gauntlet | Found a transporter.
 13138 | Gauntlet | Found a transporter.
 13139 | Gauntlet | Noticed a death scarab
 13142 | Gauntlet | Found a transporter.
 13146 | Gauntlet | Found a transporter.
 13146 | Gauntlet | Found a transporter.
 13162 | Gauntlet | Found a transporter.
 13173 | Gauntlet | Noticed a tengu warrior
 13175 | Gauntlet | Found a transporter.
 13178 | Gauntlet | Found a transporter.
 13186 | Gauntlet | Found a transporter.
 13203 | Gauntlet | Found a transporter.
 13217 | Gauntlet | Found a transporter.
 13221 | Gauntlet | Found a transporter.
 13530 | Gauntlet | Identified the +10 falchion of Midnight {speed, rElec rCorr
                  | Int+6 Dex-2}
 13720 | Gauntlet | Identified the ring "Faassar" {rN+ Stlth+}
 13761 | Gauntlet | Noticed a minotaur
 13777 | Gauntlet | Killed a minotaur
 13777 | Gauntlet | Reached ***** piety under Beogh
 13935 | Lair:1   | You are sucked into a shaft and drop 1 floor!
 14029 | Lair:2   | Reached XP level 13. HP: 117/119 MP: 20/20
 14307 | Lair:2   | Found a staircase to the Shoals.
 14355 | Lair:2   | Reached skill level 10 in Invocations
 14518 | Lair:2   | Gained Ugrim as an ally
 15528 | Lair:3   | Reached skill level 13 in Fighting
 15539 | Lair:3   | Identified the +0 pair of boots of Qerheits {rPois Int+3}
 15851 | Lair:3   | Gained Gorg as an ally
 16008 | Lair:3   | Your ally Ugrim died
 16547 | Lair:4   | Found a staircase to the Snake Pit.
 17628 | Lair:5   | Reached ****** piety under Beogh
 17669 | Lair:5   | Gained Murdo as an ally
 17734 | Lair:5   | Reached XP level 14. HP: 130/130 MP: 22/22
 18189 | Lair:5   | Reached skill level 1 in Evocations
 18398 | Lair:6   | Entered Level 6 of the Lair of Beasts
 18593 | Lair:6   | Reached skill level 14 in Fighting
 18877 | Lair:6   | Found a staircase to the Slime Pits.
 19316 | Lair:6   | Noticed a dire elephant
 19322 | Lair:6   | Killed a dire elephant
 19393 | Lair:6   | Noticed a dire elephant
 19403 | Lair:6   | Gained Gorg as an ally
 19406 | Lair:6   | Killed a dire elephant
 19994 | Orc:1    | Entered Level 1 of the Orcish Mines
 20102 | Orc:2    | Entered Level 2 of the Orcish Mines
 20104 | Orc:2    | Found Ceys's General Store.
 20134 | Orc:2    | Found a staircase to the Elven Halls.
 21001 | Orc:2    | Found Bunt's Magic Scroll Emporium.
 21002 | Orc:2    | Found Uwnoplad's Assorted Antiques.
 21002 | Orc:2    | Found Faawyos's Antique Armour Shoppe.
 21003 | Orc:2    | Found Egooth's Armour Emporium.
 21013 | Orc:2    | Bought a scroll of torment for 97 gold pieces
 21175 | Orc:1    | Paralysed by an orc sorcerer for 7 turns
 21509 | D:12     | Noticed Fannar
 21518 | D:12     | Killed Fannar
 21620 | D:12     | Reached XP level 15. HP: 107/139 MP: 24/24
 22008 | D:12     | Noticed Psyche
 22013 | D:12     | Killed Psyche
 22086 | D:12     | Noticed Rupert
 22097 | D:12     | Killed Rupert
 22109 | D:12     | Reached skill level 5 in Evocations
 22551 | D:12     | Reached skill level 15 in Fighting
 23631 | D:13     | Acquired a +0 tower shield of protection
 24315 | D:14     | Gained Boldo as an ally
 24366 | D:14     | Found a gate to the Vaults.
 24498 | D:14     | Identified the +5 scimitar "Killer Klown's Curse" {pain,
                  | rF+ Stlth+}
 24541 | D:14     | Gained Orkwin as an ally
 24729 | D:14     | Your ally Orkwin died
 24801 | D:15     | Entered Level 15 of the Dungeon
 25088 | D:15     | Reached XP level 16. HP: 49/149 MP: 16/26
 25203 | D:15     | Found a staircase to the Depths.
 25302 | D:15     | Acquired the +12 crystal plate armour of Gozag's Regard
                  | {+Blink rCorr Stlth-}
 25368 | D:15     | Found a huge runed gate.
 25368 | D:15     | Found a huge runed gate.
 25368 | D:15     | Found a huge runed gate.
 25368 | D:15     | Found a huge runed gate.
 25369 | D:15     | Found a huge runed gate.
 25369 | D:15     | Found a huge runed gate.
 25369 | D:15     | Found a huge runed gate.
 25369 | D:15     | Found a huge runed gate.
 25369 | D:15     | Found a huge runed gate.
 25370 | D:15     | Found a huge runed gate.
 25377 | D:15     | Found a huge runed gate.
 25377 | D:15     | Found a huge runed gate.
 25377 | D:15     | Found a huge runed gate.
 25377 | D:15     | Found a huge runed gate.
 25395 | D:15     | Found a huge runed gate.
 25396 | D:15     | Found a huge runed gate.
 25397 | D:15     | Found a huge runed gate.
 25399 | D:15     | Found a huge runed gate.
 25447 | D:15     | Found a huge runed gate.
 25448 | D:15     | Found a huge runed gate.
 25449 | D:15     | Found a huge runed gate.
 25450 | D:15     | Found a huge runed gate.
 25451 | D:15     | Found a huge runed gate.
 25452 | D:15     | Found a huge runed gate.
 25453 | D:15     | Found a huge runed gate.
 25454 | D:15     | Found a huge runed gate.
 25455 | D:15     | Found a huge runed gate.
 25456 | D:15     | Found a huge runed gate.
 25465 | D:15     | Found a huge runed gate.
 25465 | D:15     | Found a huge runed gate.
 25465 | D:15     | Found a huge runed gate.
 25465 | D:15     | Found a huge runed gate.
 25465 | D:15     | Found a huge runed gate.
 25465 | D:15     | Found a huge runed gate.
 25659 | D:15     | Found a huge runed gate.
 25659 | D:15     | Found a huge runed gate.
 25758 | D:15     | Noticed a storm dragon
 25758 | D:15     | Noticed a tengu reaver
 25758 | D:15     | Noticed a storm dragon
 25761 | D:15     | Noticed a storm dragon
 25761 | D:15     | Was placed under penance by Beogh
 25764 | D:15     | Your ally Agrik died
 25764 | D:15     | HP: 2/150 [tengu reaver/bolt of lightning (29)]
 25764 | D:15     | Killed by an exploding Agrik... ignited by their inner
                  | flame

Illustrated notes

Levels and vault maps discovered:
D:1:      minmay_arrival_diagonal_passages, layout_loops_ring,
          shapermc_ecumenical_altar_starsandcircs
D:2:      minmay_chambers_of_ones, layout_basic
D:3:      cheibrodos_thug_alley, layout_loops_ring,
          gammafunk_temple_overflow_arena, nicolae_elyvilon_peaceful_grove,
          serial_shops, shop, hangedman_decor_push
D:4:      layout_gridville, minitemple, minmay_temple_entry_glass,
          minmay_misc_feat_pillars, nicolae_shop_clearance
D:5:      layout_basic, grunt_temple_overflow_bloody_war, amcnicky_altar_gilded,
          lightli_ossuary_entry_decrepit_ruins, uniq_duvessa
D:6:      layout_basic, cheibrodos_ashenzari_chains, serial_shops,
          nicolae_shop_bloodbath_and_beyond, roderic_cross_of_infinity,
          st_stairs_2, grunt_ministairs_8, serial_bayou_ford_a,
          hangedman_decor_growths, nicolae_water_bricks, uniq_menkaure
D:7:      layout_loops_corners, uniq_joseph, uniq_harold
D:8:      layout_loops_ring, mainiacjoe_overflow_cross_hatched,
          mainiacjoe_overflow_surrounded_room
D:9:      minmay_inner_zag, layout_loops_corners, mainiacjoe_overflow_chevrons,
          serial_ice, serial_ice_n, serial_ice_c, serial_ice_o, serial_ice_j,
          minmay_misc_feat_plants, hangedman_decor_riveting, grunt_ogre_cave,
          minmay_hedge_maze, kennysheep_generic_room_7
D:10:     layout_loops_cross, minmay_orc_entry_temple_small, uniq_nergalle
D:11:     layout_roguey, david_lair_generic, enter_bailey_3,
          trog_ov_bears_minmay
D:12:     layout_rooms, palyth_stone_intersect, minmay_shattered_shrine,
          uniq_psyche, uniq_fannar, uniq_rupert
D:13:     layout_cave_pools
D:14:     minmay_swirls_squares, layout_long_grid, ximxim_vaults_locker_room
D:15:     hangedman_depths_entry_civil_slaughter, layout_irregular_city,
          door_vault
Lair:1:   beast_lair_carwin_large_1, layout_chaotic_city, gauntlet_entry_generic
Lair:2:   layout_long_grid, minmay_shoals_entry_hut, special_room
          [special_room_bee], grunt_megastairs_1
Lair:3:   layout_regular_city
Lair:4:   layout_loops_ring, minmay_snake_entry_guardpost_small,
          infiniplex_staircase_pool_2
Lair:5:   layout_cave_pods, grunt_megastairs_3
Lair:6:   hangedman_lair_in_review, layout_cellular_growth,
          guppyfry_lair_end_dragon, minmay_slime_entry_oklob_open,
          roderic_batcave, infiniplex_staircase_pool
Orc:1:    layout_caves
Orc:2:    st_orc_pillars, layout_diamond_mine, serial_shops,
          nicolae_shop_crystal

Skill      XL: |  1  2  3  4  5  6  7  8  9 10 11 12 13 14 15 |
---------------+----------------------------------------------+-----
Fighting       | 4 5 6 7 9 10 11 12 13 14 15 | 15.6
Maces & Flails | 3 4 5 6 7 9 10 11 12 13 14 | 14.1
Shields        | 4 5 6 8 9 10 11 12 13 14 | 14.4
Armour         | 4 5 6 8 9 10 11 12 13 14 | 14.5
Invocations    | 5 7 9 11 12 14 | 14.2
Evocations     | 4 6 |  6.6

Action                   |  1- 3 |  4- 6 |  7- 9 | 10-12 | 13-15 | 16-18 || total
-------------------------+-------+-------+-------+-------+-------+-------++-------
Melee: Flail             |   108 |   139 |   278 |   841 |    88 |       ||  1454
       Morningstar       |       |       |       |       |   610 |    22 ||   632
Invok: Convert to Beogh  |       |       |     1 |       |       |       ||     1
       Recall Orcish Fol |       |       |       |     1 |    38 |     1 ||    40
       Give Item to Name |       |       |       |       |     2 |     1 ||     3
       Smiting           |       |       |       |       |    24 |       ||    24
  Use: Scroll            |       |     7 |     3 |     6 |    14 |     2 ||    32
       Potion            |       |     2 |     3 |       |     1 |       ||     6
 Stab: Distracted        |       |       |       |     1 |     7 |     1 ||     9
       Paralysed         |       |       |       |       |     4 |       ||     4
       Petrified         |       |       |       |       |     7 |       ||     7
Armor: Scale mail        |    58 |    55 |     1 |       |       |       ||   114
       Plate armour      |       |       |   120 |   427 |   504 |    27 ||  1078
Dodge: Dodged            |    52 |    73 |    95 |   300 |   391 |     9 ||   920
Block: Buckler           |    22 |       |       |       |       |       ||    22
       Kite shield       |     7 |    70 |   127 |   455 |   422 |       ||  1081
       Tower shield      |       |       |       |       |   140 |    28 ||   168

Table legend: (Time is in decaauts)
 A = Elapsed time spent in this place.
 B = Non-inter-level travel time spent in this place.
 C = Inter-level travel time spent in this place.
 D = Time resting spent in this place.
 E = Time spent auto-exploring this place.
 F = Levels seen in this place.
 G = Mean time per level.
                   A        B        C        D        E       F      G
               +--------+--------+--------+--------+--------+-----+--------+
         Total |  26024 |  24349 |   1675 |   1219 |  17363 |  26 | 1000.9 |
       Dungeon |  17014 |  15647 |   1367 |    994 |  11048 |  15 | 1134.3 |
          Lair |   5821 |   5529 |    292 |      0 |   4482 |   6 |  970.2 |
  Orcish Mines |   1457 |   1443 |     14 |      0 |   1085 |   2 |  728.5 |
       Ossuary |    396 |    396 |      0 |     37 |    164 |   1 |  396.0 |
        Bailey |    586 |    586 |      0 |      0 |    354 |   1 |  586.0 |
      Gauntlet |    748 |    748 |      0 |    188 |    229 |   1 |  748.0 |
               +--------+--------+--------+--------+--------+-----+--------+

Top non-repeatable levels by time:
     D:2: 1928 daAuts
     D:9: 1596 daAuts
  Lair:6: 1475 daAuts
     D:3: 1425 daAuts
     D:7: 1151 daAuts
    D:14: 1147 daAuts
     D:5: 1138 daAuts
     D:6: 1051 daAuts
    D:12: 1028 daAuts
  Lair:3: 1012 daAuts
    D:11: 999 daAuts
    D:10: 998 daAuts
   Orc:2: 992 daAuts
     D:4: 983 daAuts
    D:15: 963 daAuts
